 Dungeon Crawl Stone Soup version 0.27.1-4-g1640c2035a (webtiles) character file.

Game seed: 5734864568324559659

37 raph the Grave Robber (level 3, -5/26 HPs)
             Began as a Human Necromancer on Nov 6, 2021.
             Slain by a goblin (6 damage)
             ... led by Robin
             ... on level 2 of the Dungeon.
             The game lasted 00:03:21 (2079 turns).

raph the Grave Robber (Human Necromancer)           Turns: 2079, Time: 00:03:21

Health: -5/26      AC:  4    Str:  8    XL:     3   Next: 62%
Magic:  2/6        EV: 12    Int: 16    God:
Gold:   33         SH:  0    Dex: 13    Spells: 0/6 levels left

rFire    . . .     SeeInvis .   c - +0 rapier
rCold    . . .     Faith    .   (no shield)
rNeg     . . .     Spirit   .   a - +0 robe
rPois    .         Reflect  .   b - +1 helmet
rElec    .         Harm     .   (no cloak)
rCorr    .         Rampage  .   (no gloves)
Will     .....                  (no boots)
Stlth    ++........             (no amulet)
HPRegen  0.08/turn              e - ring of wizardry
MPRegen  0.10/turn              (no ring)

@: no status effects
A: no striking features
a: no special abilities


You were on level 2 of the Dungeon.
You visited 1 branch of the dungeon, and saw 2 of its levels.

You collected 33 gold pieces.

Inventory:

Hand Weapons
 c - a +0 rapier (weapon)
Missiles
 i - 9 poisoned darts
Armour
 a - a +0 robe (worn)
 b - a +1 helmet (worn)
Jewellery
 e - a ring of wizardry (left hand)
Scrolls
 d - a scroll of enchant armour
 f - a scroll of fear {unknown}
 j - a scroll of teleportation {unknown}
 k - 2 scrolls of identify {unknown}
 l - a scroll of amnesia {unknown}
 m - a scroll of acquirement {unknown}
Potions
 g - a potion of resistance {unknown}
 h - a potion of invisibility {unknown}


   Skills:
 + Level 1.1 Fighting
 + Level 2.2 Dodging
 + Level 2.4 Stealth
 + Level 2.2 Spellcasting
 * Level 4.3 Necromancy


You couldn't memorise any spells.
You knew the following spells:

 Your Spells              Type           Power      Damage    Failure   Level
a - Pain                  Necr           60%        1d7       1%          1
b - Animate Skeleton      Necr           30%        N/A       1%          1
c - Vampiric Draining     Necr           7%         2d7       4%          3
d - Foxfire               Conj/Fire      4%         2x1d4     9%          1

Your spell library contained the following spells:

 Spells                   Type           Power      Damage    Failure   Level
 Animate Dead             Necr           7%         N/A       13%         4
 Conjure Flame            Conj/Fire      1%         6-21      24%         3
 Inner Flame              Hex/Fire       1%         N/A       24%         3
 Agony                    Necr           15%        N/A       34%         5
 Chain Lightning          Conj/Air       0%         2d1       100%        9
 Fire Storm               Conj/Fire      0%         6d1       100%        9


Dungeon Overview and Level Annotations

Branches:
Dungeon (2/15)

Altars:

Annotations:
D:2 Robin, Sigmund


Message History

The goblin burns you.
Aiming: Pain (safe; 1% risk of failure)
Press: ? - help, Q - select action, (/) - cycle Shift-Dir - straight line, f - goblin
Aim: a goblin, wielding a +0 dagger (strong, chance to affect: 85%)
The goblin writhes in agony!
You kill the goblin!
Aiming: Pain (safe; 1% risk of failure)
Press: ? - help, Q - select action, (/) - cycle Shift-Dir - straight line, f - goblin
Aim: a goblin, wielding a +0 dagger (strong, chance to affect: 85%)
The goblin writhes in agony.
You kill the goblin!
Robin throws the goblin at you! The goblin barely misses you.
Aiming: Pain (safe; 1% risk of failure)
Press: ? - help, Q - select action, (/) - cycle Shift-Dir - straight line, f - goblin
Aim: a goblin, wielding a +0 dagger (strong, chance to affect: 85%)
The goblin writhes in agony.
The goblin hits you with a +0 dagger.
The goblin hits you with a +2 dagger of flaming.
The goblin burns you.
* * * LOW HITPOINT WARNING * * *
Aiming: Pain (safe; 1% risk of failure)
Press: ? - help, Q - select action, (/) - cycle Shift-Dir - straight line, f/p - goblin
Aim: a goblin, wielding a +0 dagger (severely wounded, strong, chance to affect: 85%)
The goblin writhes in agony.
You kill the goblin!
The goblin completely misses you. Robin throws the goblin at you!
The goblin hits you with a +2 dagger of flaming.
* * * LOW HITPOINT WARNING * * *
The goblin burns you.
* * * LOW HITPOINT WARNING * * *
Robin throws the goblin at you!
* * * LOW HITPOINT WARNING * * *
You see here a +0 dagger.
As you read the scroll labelled REDAFR QIABYDIN, it crumbles to dust.
It is a scroll of enchant armour.
Your +0 helmet glows green for a moment.
The goblin hits you but does no damage.
The goblin hits you with a +2 dagger of flaming.
You die...

.###....# #..#####..## .###....#
........... ..#######
#....$..... ..## #..........
...## #.......... #...#####
#....)..... #.#.....#########
#..........
#.#####........g######.gg.....$.
#.# #########g@g)g##..........
..# #####g.g)......... ..#
#.......[.##### #.# #..###.....#
## ....# #....$# ##### #######


You could see Robin (fast), 2 hobgoblins and 3 goblins.

Vanquished Creatures
  A worm (D:2)
  A dart slug (D:1)
  4 endoplasms
  A hobgoblin (D:1)
  3 kobolds
  A quokka (D:1)
  2 ball pythons (D:1)
  4 bats (D:1)
  A frilled lizard (D:2)
  7 goblins
  3 rats (D:1)
28 creatures vanquished.

Vanquished Creatures (collateral kills)
  A hobgoblin (D:1)
  A quokka (D:1)
2 creatures vanquished.

Vanquished Creatures (others)
  2 foxfires (D:2)
2 creatures vanquished.

Grand Total: 32 creatures vanquished

Notes
Turn   | Place    | Note
-------+----------+-------------------------------------------
     0 | D:1      | raph the Human Necromancer began the quest for the Orb.
     0 | D:1      | Reached XP level 1. HP: 13/13 MP: 3/3
    27 | D:1      | Learned a level 1 spell: Animate Skeleton
   517 | D:1      | Reached XP level 2. HP: 18/19 MP: 3/5
  1614 | D:1      | Reached XP level 3. HP: 22/25 MP: 3/6
  1618 | D:1      | Learned a level 3 spell: Vampiric Draining
  1798 | D:2      | Reached skill level 1 in Fighting
  1858 | D:2      | Learned a level 1 spell: Foxfire
  1945 | D:2      | Noticed Sigmund
  2063 | D:2      | Noticed Robin
  2078 | D:2      | HP: 1/26 [Robin/goblin (2)]
  2079 | D:2      | Slain by a goblin

Illustrated notes

Levels and vault maps discovered:
D:1:      sevenhm_arrival_forest_fort_large_4, layout_basic
D:2:      layout_rooms, basic_altar, uniq_sigmund, uniq_robin

Skill      XL: |  1  2  3 |
---------------+----------+-----
Fighting       | 1 |  1.1
Dodging        | |  2.2
Stealth        | |  2.4
Spellcasting   | |  2.2
Necromancy     | |  4.3

Action                   || total
-------------------------++-------
Melee: Rapier            ||    18
 Cast: Pain              ||    44
       Animate Skeleton  ||     3
       Foxfire           ||     1
  Use: Scroll            ||     1
 Stab: Sleeping          ||     3
Armor: Robe              ||    11
Dodge: Dodged            ||    15
